 Dungeon Crawl Stone Soup version 0.28.0-53-g5a82cb258f (webtiles) character file.

Game seed: 11527550011514624896

2691 joshe the Thaumaturge (level 9, -1/45 HPs)
             Began as a Deep Elf Conjurer on May 30, 2022.
             Was an Initiate of Gozag.
             Shot with a sling bullet by Joseph (21 damage)
             ... on level 7 of the Dungeon.
             The game lasted 01:06:08 (9905 turns).

joshe the Thaumaturge (Deep Elf Conjurer)           Turns: 9905, Time: 01:06:10

Health: -1/45      AC:  3    Str:  4    XL:     9   Next: 38%
Magic:  9/25       EV: 13    Int: 28    God:    Gozag
Gold:   293        SH:  0    Dex: 13    Spells: 12/29 levels left

rFire   . . .      SeeInvis .   u - +0 spear (vamp)
rCold   . . .      Faith    .   (no shield)
rNeg    . . .      Spirit   .   a - +0 robe
rPois   +          Reflect  .   (no helmet)
rElec   .          Harm     .   (no cloak)
rCorr   .          Rampage  .   s - +0 pair of gloves
Will    .....                   (no boots)
Stlth   ++........              (no amulet)
HPRegen 0.15/turn               v - ring of poison resistance
MPRegen 0.19/turn               y - ring of flight

@: flying, studying Maces & Flails
A: no striking features
a: Renounce Religion, Potion Petition, Call Merchant, Bribe Branch


You were on level 7 of the Dungeon.
You worshipped Gozag.
Gozag was aware of your devotion.
You visited 1 branch of the dungeon, and saw 7 of its levels.

You collected 871 gold pieces.
You spent 558 gold pieces at shops.
You paid 20 gold pieces to Gozag.

Inventory:

Hand Weapons
 j - a +0 short sword of electrocution
 o - a +0 short sword of protection
 u - a +0 vampiric spear (weapon)
Missiles
 l - 4 atropa-tipped darts
 q - 2 throwing nets
 w - 23 poisoned darts
Armour
 a - a +0 robe (worn)
 s - a +0 pair of gloves (worn)
Jewellery
 v - a ring of poison resistance (left hand)
 y - a ring of flight (right hand)
Wands
 i - a wand of paralysis (9)
 n - a wand of digging (1)
 z - a wand of iceblast (7)
Scrolls
 b - a scroll of enchant weapon {unknown}
 g - a scroll of amnesia {unknown}
 k - a scroll of holy word {unknown}
 p - 3 scrolls of teleportation
 x - a scroll of brand weapon {unknown}
 D - a scroll of magic mapping
 F - 3 scrolls of immolation
 G - a scroll of fear
Potions
 c - 2 potions of resistance
 d - a potion of magic
 e - 2 potions of curing
 f - a potion of heal wounds
 h - a potion of invisibility
 m - 2 potions of lignification
 r - a potion of brilliance
 t - a potion of might
 A - a potion of mutation


   Skills:
 - Level 4.0 Dodging
 - Level 3.0 Stealth
 + Level 10.8 Spellcasting
 - Level 7.0 Conjurations
 - Level 8.0 Hexes
 - Level 4.0 Translocations
 - Level 1.0 Transmutations
 - Level 2.0 Air Magic
 - Level 2.0 Poison Magic
 - Level 2.0 Evocations


You had 12 spell levels left.
You knew the following spells:

 Your Spells              Type           Power      Damage    Failure   Level
a - Magic Dart            Conj           100%       1d8       1%          1
b - Searing Ray           Conj           100%       2d8       1%          2
c - Fulminant Prism       Conj/Hex       27%        3d14      1%          4
d - Iskenderun's Mystic   Conj/Tloc      45%        2d10      3%          4
e - Mephitic Cloud        Conj/Pois/Air  35%        N/A       2%          3
f - Spider Form           Tmut/Pois      23%        N/A       6%          3

Your spell library contained the following spells:

 Spells                   Type           Power      Damage    Failure   Level
 Ensorcelled Hibernation  Hex/Ice        74%        N/A       1%          2
 Dazzling Flash           Conj/Hex       100%       N/A       1%          3
 Anguish                  Hex/Necr       18%        N/A       7%          4
 Ignite Poison            Fire/Tmut/Pois 20%        N/A       8%          3
 Metabolic Englaciation   Hex/Ice        18%        N/A       21%         5
 Petrify                  Tmut/Erth      17%        N/A       30%         4
 Freezing Cloud           Conj/Ice/Air   15%        6-21      30%         5
 Statue Form              Tmut/Erth      11%        N/A       99%         6


Dungeon Overview and Level Annotations

Branches:
Dungeon (7/15)             Temple (0/1) D:5

Altars:
Gozag

Shops:
D:1 (*:=   D:6 ?

Annotations:
D:3 1 runed translucent door, Crazy Yiuf
D:7 Joseph


Message History

Casting: Fulminant Prism (dangerous; 1% risk of failure)
Confirm with . or Enter, or press ? or * to list all spells.
Aiming: Fulminant Prism (dangerous; 1% risk of failure)
Press: ? - help, Dir - move target You conjure a prism of explosive energy!
A fulminant prism comes into view.
Your fulminant prism crackles loudly.
Your fulminant prism explodes!
The blast of energy engulfs Joseph!
Joseph is heavily wounded.
There is a stone staircase leading up here.
Casting: Fulminant Prism (dangerous; 1% risk of failure)
Confirm with . or Enter, or press ? or * to list all spells.
Aiming: Fulminant Prism (dangerous; 1% risk of failure)
Press: ? - help, Dir - move target You conjure a prism of explosive energy!
A fulminant prism comes into view.
Joseph shoots a sling bullet.
The sling bullet hits you.
Casting: Fulminant Prism (dangerous; 1% risk of failure)
Confirm with . or Enter, or press ? or * to list all spells.
Aiming: Magic Dart (safe; 1% risk of failure)
Press: ? - help, Shift-Dir - straight line, f - Joseph
Aim: Joseph, wielding a +0 hunting sling, wearing a +0 ring mail and quivering sling bullets (heavily wounded, ally target, 100% to hit)
The magic dart hits Joseph.
Joseph is heavily wounded.
Joseph shoots a sling bullet.
The sling bullet hits you!
Your fulminant prism crackles loudly.
Your fulminant prism explodes!
The blast of energy engulfs Joseph!!
Joseph is almost dead.
Casting: Magic Dart (safe; 1% risk of failure)
Confirm with . or Enter, or press ? or * to list all spells.
Aiming: Magic Dart (safe; 1% risk of failure)
Press: ? - help, Shift-Dir - straight line, f/p - Joseph
Aim: Joseph, wielding a +0 hunting sling, wearing a +0 ring mail and quivering sling bullets (almost dead, 100% to hit)
The magic dart hits Joseph but does no damage.
Joseph is almost dead.
Joseph shoots a sling bullet.
The sling bullet hits you!!
You die...
Your body crumbles into a pile of gold.

...........# ##..........#
..........#####.........##
####.....@..##..........#
###.................##
#.................#
#..###...........## #..#
##.........># #
##.........# ###.<@.....#
#.#####..#####.#.##
#.......## ####.#
#####.#.# #.# ##### ###


You could see Joseph.

Vanquished Creatures
  Sigmund (D:5)
  A steam dragon (D:7)
  Menkaure (D:5)
  A black bear (D:5)
  An ice beast (D:4)
  An orc warrior (D:7)
  4 sky beasts
  A necrophage (D:6)
  2 centaurs
  A kobold brigand (D:7)
  A scorpion (D:4)
  A gnoll sergeant (D:4)
  A wyvern skeleton (D:5)
  3 wights (D:6)
  2 howler monkeys
  A bullfrog zombie (D:7)
  2 centaur zombies (D:5)
  5 hounds
  A jelly (D:6)
  2 bullfrog skeletons (D:6)
  A gnoll shaman (D:5)
  Jessica (D:3)
  An iguana (D:5)
  Ijyb (D:5)
  6 orc wizards
  A killer bee zombie (D:6)
  2 hound skeletons
  Robin (D:2)
  11 adders
  7 gnolls
  A white imp (D:3)
  An ufetubus (D:6)
  3 worms
  2 dart slugs
  19 orcs
  5 ball pythons
  2 bats
  4 endoplasms
  2 giant cockroaches (D:2)
  12 hobgoblins
  4 jackals (D:1)
  5 quokkas
  5 frilled lizards
  18 goblins
  7 kobolds
  A quokka skeleton (D:4)
  5 rats
161 creatures vanquished.

Vanquished Creatures (others)
  72 fulminant prisms
  4 fungi (D:2)
  5 plants (D:2)
81 creatures vanquished.

Grand Total: 242 creatures vanquished

Notes
Turn   | Place    | Note
-------+----------+-------------------------------------------
     0 | D:1      | joshe the Deep Elf Conjurer began the quest for the Orb.
     0 | D:1      | Reached XP level 1. HP: 10/10 MP: 6/6
   133 | D:1      | Found Cofever's Weapon Shoppe.
   354 | D:1      | Reached XP level 2. HP: 15/15 MP: 6/8
   357 | D:1      | Learned a level 2 spell: Searing Ray
   386 | D:1      | Found Haegouq's Jewellery Shoppe.
   389 | D:1      | Reached skill level 5 in Conjurations
   514 | D:1      | Found Otiuhel's Book Shoppe.
   848 | D:1      | Found Bixitz's General Store.
   851 | D:1      | Bought a scroll of identify for 20 gold pieces
  1023 | D:2      | Reached XP level 3. HP: 19/19 MP: 2/9
  1443 | D:2      | Noticed Robin
  1673 | D:2      | Killed Robin
  1674 | D:2      | Reached XP level 4. HP: 12/24 MP: 2/11
  1810 | D:2      | Learned a level 4 spell: Fulminant Prism
  2160 | D:2      | Found a faded altar of an unknown god.
  2314 | D:2      | Reached skill level 4 in Spellcasting
  2405 | D:2      | Reached skill level 1 in Hexes
  2440 | D:2      | You fall into a shaft and drop 1 floor!
  2456 | D:2      | Learned a level 4 spell: Iskenderun's Mystic Blast
  2461 | D:2      | Found an opulent altar of Gozag.
  2473 | D:2      | Became a worshipper of Gozag Ym Sagoz the Greedy
  2689 | D:1      | Bought 4 atropa-tipped darts for 33 gold pieces
  2938 | D:3      | Found a runed translucent door.
  2939 | D:3      | Noticed Crazy Yiuf
  3291 | D:3      | Reached XP level 5. HP: 28/28 MP: 10/13
  3415 | D:3      | Noticed Jessica
  3417 | D:3      | Killed Jessica
  4220 | D:3      | Reached skill level 5 in Hexes
  4357 | D:3      | Reached XP level 6. HP: 16/32 MP: 6/14
  4549 | D:4      | Learned a level 3 spell: Mephitic Cloud
  4695 | D:4      | Reached skill level 5 in Spellcasting
  5512 | D:4      | Reached skill level 1 in Air Magic
  5512 | D:4      | Reached skill level 1 in Poison Magic
  5725 | D:1      | Bought a ring of poison resistance for 280 gold pieces
  5854 | D:4      | Reached skill level 1 in Translocations
  5918 | D:4      | Noticed an ice beast
  6045 | D:4      | Killed an ice beast
  6046 | D:4      | Reached XP level 7. HP: 36/36 MP: 7/17
  6240 | D:5      | Entered Level 5 of the Dungeon
  6291 | D:5      | Noticed Menkaure
  6305 | D:5      | Killed Menkaure
  6306 | D:5      | Reached skill level 6 in Spellcasting
  6306 | D:5      | Reached skill level 7 in Spellcasting
  6713 | D:5      | Found a staircase to the Ecumenical Temple.
  6719 | D:5      | Reached skill level 1 in Evocations
  6822 | D:5      | Noticed Ijyb
  6896 | D:5      | Killed Ijyb
  7142 | D:5      | Noticed Sigmund
  7147 | D:5      | Reached XP level 8. HP: 41/41 MP: 7/21
  7273 | D:5      | Reached skill level 8 in Spellcasting
  7282 | D:5      | Killed Sigmund
  7283 | D:5      | Reached skill level 9 in Spellcasting
  8029 | D:6      | Found Aqiw's Magic Scroll Shoppe.
  8477 | D:6      | Bought a scroll of magic mapping for 35 gold pieces
  8477 | D:6      | Bought a scroll of noise for 10 gold pieces
  8477 | D:6      | Bought a scroll of identify for 20 gold pieces
  8477 | D:6      | Bought a scroll of immolation for 35 gold pieces
  8477 | D:6      | Bought a scroll of identify for 20 gold pieces
  8477 | D:6      | Bought a scroll of identify for 20 gold pieces
  8477 | D:6      | Bought a scroll of fear for 35 gold pieces
  8477 | D:6      | Bought a scroll of teleportation for 30 gold pieces
  8477 | D:6      | Bought a scroll of identify for 20 gold pieces
  8750 | D:6      | Reached XP level 9. HP: 45/45 MP: 17/24
  8831 | D:6      | Learned a level 3 spell: Spider Form
  9247 | D:7      | Reached skill level 10 in Spellcasting
  9423 | D:7      | Reached skill level 1 in Transmutations
  9891 | D:7      | Noticed Joseph
  9905 | D:7      | Shot with a sling bullet by Joseph

Illustrated notes

Levels and vault maps discovered:
D:1:      nzn_arrival_depleted_hourglass, layout_basic, serial_shops, shop,
          nicolae_shop_bloodbath_and_beyond, nicolae_shop_advertising_works
          [nicolae_subvault_shop_adworks], nicolae_shop_behind_doors
D:2:      layout_basic, basic_altar, shapermc_ecumenical_altar_mp_urbaneastern,
          uniq_robin
D:3:      layout_loops_ring, kennysheep_flooded_box, minmay_misc_feat_tower,
          uniq_crazy_yiuf_cottage, uniq_jessica
D:4:      layout_rooms, minmay_puff
D:5:      layout_basic, temple_fountains, uniq_menkaure, uniq_ijyb, uniq_sigmund
D:6:      layout_loops_ring, serial_shops, nicolae_shop_crystal
D:7:      layout_layer_cave, uniq_joseph

Skill      XL: |  1  2  3  4  5  6  7  8  9 |
---------------+----------------------------+-----
Conjurations   | 5 6 7 |  7.0
Spellcasting   | 4 5 7 9 10 | 10.8
Hexes          | 3 5 6 7 8 |  8.0
Air Magic      | 1 2 |  2.0
Poison Magic   | 1 2 |  2.0
Translocations | 2 3 4 |  4.0
Dodging        | 3 4 |  4.0
Evocations     | 2 |  2.0
Stealth        | 3 |  3.0
Transmutations | 1 |  1.0

Action                   |  1- 3 |  4- 6 |  7- 9 || total
-------------------------+-------+-------+-------++-------
 Cast: Magic Dart        |    39 |    73 |    28 ||   140
       Searing Ray       |    14 |    31 |    12 ||    57
       Fulminant Prism   |       |     8 |    64 ||    72
       Mephitic Cloud    |       |     1 |     2 ||     3
       Spider Form       |       |       |     1 ||     1
Evoke: Wand              |       |     1 |       ||     1
  Use: Scroll            |     1 |     1 |     9 ||    11
       Potion            |       |       |     1 ||     1
Armor: Robe              |     2 |     3 |     2 ||     7
Dodge: Dodged            |     6 |     7 |     3 ||    16
